 Dungeon Crawl Stone Soup version 0.31-a0-361-g0f8bd3a31e (webtiles) character file.

Game seed: 9681101472636568022

66 CrazyBamboolord the Changeling (level 3, 0/28 HPs)
             Began as a Draconian Shapeshifter on July 27, 2023.
             Slain by a black bear (7 damage)
             ... on level 3 of the Dungeon.
             The game lasted 00:02:47 (1805 turns).

CrazyBamboolord the Changeling (DrSh)               Turns: 1805, Time: 00:02:48

Health: 0/28       AC:  5    Str: 17    XL:     3   Next: 96%
Magic:  3/3        EV: 12    Int:  8    God:
Gold:   106        SH:  0    Dex: 13    Spells: 2/2 levels left

rFire   . .          .
                       - Unarmed
rCold   . . .        (no shield)
rNeg    . . .        (body armour unavailable)
rPois   .            (helmet currently unavailable)
rElec   .            (cloak currently unavailable)
rCorr   .            (gloves currently unavailable)
SInv    +            (boots currently unavailable)
Will    .....        (no amulet)
Stlth   +            h - ring of see invisible
HPRegen 0.24/turn    (no ring)
MPRegen 0.08/turn

%: no passive effects
@: about to teleport, beast-form
A: beast (slay +2), AC +5, unfitting armour, cold-blooded
a: Begin Untransformation


You were on level 3 of the Dungeon.
You were a hulking beast.
You visited 1 branch of the dungeon, and saw 3 of its levels.

You collected 106 gold pieces.

Inventory:

Armour
 g - a +0 pair of gloves
 i - a +0 cloak
Jewellery
 h - a ring of see invisible (left hand)
Talismans
 b - a beast talisman
 j - a storm talisman
 o - a maw talisman
Scrolls
 l - 4 scrolls of noise
 m - a scroll of fear {unknown}
 q - a scroll of acquirement {unknown}
Potions
 c - a potion of heal wounds {unknown}
 d - a potion of enlightenment
 f - 2 potions of mutation {unknown}
 k - a potion of attraction {unknown}
 n - a potion of resistance {unknown}
 p - a potion of might {unknown}


   Skills:
 - Level 1.1 Fighting
 - Level 2.3 Dodging
 - Level 3.3 Unarmed Combat
 * Level 3.9 Shapeshifting


You had 2 spell levels left.
You didn't know any spells.
Your spell library contained the following spells:

 Spells                   Type           Power      Damage    Failure   Level
 Cigotuvi's Dreadful Rot  Necr/Pois/Air  0%         N/A       54%         2
 Ignite Poison            Fire/Tmut/Pois 0%         N/A       78%         3
 Tukima's Dance           Hex            0%         N/A       78%         3
 Passage of Golubria      Tloc           0%         N/A       99%         4
 Freezing Cloud           Conj/Ice/Air   0%         6-21      100%        5
 Yara's Violent Unravell  Hex/Tmut       0%         3d3       100%        5


Dungeon Overview and Level Annotations

Branches:
Dungeon (3/15)

Altars:


Innate Abilities, Weirdness & Mutations

You are a hulking beast.
Your limbs bulge with bestial killing power. (Slay +2)
Your plain brown scales are hard. (AC +5)
You cannot fit into any form of body armour.
You are cold-blooded and may be slowed by cold attacks.


Message History

The black bear is lightly wounded.
The black bear bites you. The black bear barely misses you.
The black bear closely misses you.
You hit the black bear.
The black bear is lightly wounded.
The black bear bites you.
The black bear claws you but does no damage.
The black bear misses you.
You completely miss the black bear. You tail-slap the black bear.
The black bear is moderately wounded.
The black bear barely misses you.
The black bear claws you but does no damage.
The black bear claws you.
You hit the black bear.
Your tail-slap misses the black bear.
The black bear is moderately wounded.
The black bear bites you.
* * * LOW HITPOINT WARNING * * *
The black bear claws you but does no damage. x2
You hit the black bear.
The black bear is heavily wounded.
The black bear barely misses you.
The black bear claws you but does no damage.
The black bear barely misses you.
It was a potion of curing.
You feel better. The black bear bites you. The black bear closely misses you.
The black bear claws you.
* * * LOW HITPOINT WARNING * * *
Unknown command.
You feel better.
The black bear bites you but does no damage.
The black bear claws you. The black bear completely misses you.
Okay, then.
As you read the scroll labelled DYB FOKHLUO, it crumbles to dust.
You feel strangely unstable.
It was a scroll of teleportation.
The black bear bites you.
* * * LOW HITPOINT WARNING * * *
The black bear misses you. The black bear barely misses you.
Okay, then.
The black bear attacks as you move away!
The black bear bites you!
You die...

#....>.
#.....##
##
....... .
..... .##
.... ...
..##.#
#h...#
#h...#
#.####
######'##
#.......#
#.......#
#.......#
######'##
#.<###
#....#


You could see a black bear.

Vanquished Creatures
  2 adders (D:2)
  3 dart slugs (D:1)
  3 orcs (D:3)
  2 bats
  4 endoplasms
  A giant cockroach (D:2)
  4 goblins
  5 hobgoblins
  2 quokkas
  6 ball pythons
  A frilled lizard (D:2)
  A kobold (D:2)
  3 rats (D:2)
37 creatures vanquished.

Notes
Turn   | Place    | Note
-------+----------+-------------------------------------------
     0 | D:1      | CrazyBamboolord the Draconian Shapeshifter began the quest
                  | for the Orb.
     0 | D:1      | Reached XP level 1. HP: 16/16 MP: 1/1
   186 | D:1      | Reached XP level 2. HP: 19/23 MP: 2/2
  1157 | D:2      | Reached XP level 3. HP: 12/28 MP: 3/3
  1790 | D:3      | Noticed a black bear
  1805 | D:3      | Slain by a black bear

Illustrated notes

Levels and vault maps discovered:
D:1:      dpeg_chamrin_arrival_tetris, layout_basic, minmay_fountain_box,
          chequers_serial_rivers_small_3, supply_closet_lemuel
D:2:      layout_rooms
D:3:      layout_basic, grunt_gozag_breadcrumbs,
          amcnicky_mini_rare_corridor_liquid

Skill      XL: |  1  2 |
---------------+-------+-----
Dodging        | 2 |  2.3
Fighting       | |  1.1
Unarmed Combat | |  3.3
Shapeshifting  | |  3.9

Action                     || total
---------------------------++-------
  Melee: Unarmed           ||   111
         Tailslap          ||    12
         Punch             ||     3
    Use: Potion            ||     4
         Scroll            ||     2
   Stab: Sleeping          ||     2
 Armour: Skin              ||    53
  Dodge: Dodged            ||    79

Table legend: (Time is in decaauts)
 A = Elapsed time spent in this place.
 B = Non-inter-level travel time spent in this place.
 C = Inter-level travel time spent in this place.
 D = Time resting spent in this place.
 E = Time spent auto-exploring this place.
 F = Levels seen in this place.
 G = Mean time per level.
                   A        B        C        D        E       F      G
               +--------+--------+--------+--------+--------+-----+--------+
         Total |   1800 |   1647 |    153 |     32 |   1343 |   3 |  600.0 |
       Dungeon |   1800 |   1647 |    153 |     32 |   1343 |   3 |  600.0 |
               +--------+--------+--------+--------+--------+-----+--------+

Top non-repeatable levels by time:
     D:1: 1137 daAuts
     D:2: 563 daAuts
     D:3: 99 daAuts
